 Dungeon Crawl Stone Soup version 0.17.0-24-gcfadda4 (webtiles) character file.

31637 MDvedh the Severer (level 13, -2/122 HPs)
             Began as a Minotaur Chaos Knight on Nov 15, 2015.
             Slain by a six-headed hydra (12 damage)
             ... summoned by Xom
             ... on level 6 of the Lair of Beasts.
             The game lasted 00:38:36 (19153 turns).

MDvedh the Severer (Minotaur Chaos Knight)         Turns: 19153, Time: 00:38:36

Health: -2/122     AC: 23    Str: 22      XL:     13   Next: 27%
Magic:  12/12      EV: 11    Int:  8 (11) God:    Xom [......]
Gold:   471        SH:  0    Dex: 10      Spells: 0 memorised, 12 levels left

rFire  + . .     SeeInvis .     H - +1 trident (freeze)
rCold  . . .     Clarity  +     z - +7 chain mail of Supple Strength {Int+2}
rNeg   . . .     SustAt   .     (no shield)
rPois  .         Gourm    +     a - +2 hat
rElec  +         Spirit   .     (no cloak)
rCorr  .         Warding  .     (no gloves)
rMut   .         Stasis   .     b - +1 pair of boots
MR     +....                    l - amulet of the gourmand
Stlth  ..........               E - ring of protection from fire
                                A - ring of protection from magic

@: lethally poisoned (-2 -> -34), drained, somewhat resistant to hostile
enchantments, extremely unstealthy
A: retaliatory headbutt, hooves 1, horns 2, thin skeletal structure 1, blurry
vision 1, clarity, clumsy 1, deterioration 1, electricity resistance, evolution
1
a: Renounce Religion


You were on level 6 of the Lair of Beasts.
You worshipped Xom.
You were a very special plaything of Xom.
You were not hungry.

You visited 2 branches of the dungeon, and saw 16 of its levels.

You collected 945 gold pieces.
You spent 474 gold pieces at shops.

Inventory:

Hand Weapons
 C - a +0 broad axe
 H - a +1 trident of freezing (weapon)
 U - a +1 executioner's axe of electrocution
Missiles
 F - 2 throwing nets (quivered)
Armour
 a - a +2 hat (worn)
 b - a +1 pair of boots (worn)
 z - the +7 chain mail of Supple Strength (worn) {Int+2}
   (You found it on level 6 of the Dungeon)

   It affects your intelligence (+2).
Jewellery
 e - an uncursed ring of protection from magic
 h - an uncursed ring of stealth
 l - an amulet of the gourmand (around neck)
 x - an uncursed ring of fire
 A - a ring of protection from magic (left hand)
 E - a ring of protection from fire (right hand)
 G - an uncursed ring of positive energy
Wands
 D - a wand of hasting (4)
 M - a wand of teleportation (4)
Scrolls
 d - 2 scrolls of identify
 f - 5 scrolls of magic mapping
 m - 2 scrolls of recharging
 o - 6 scrolls of teleportation
 r - 2 scrolls of amnesia
 s - 3 scrolls of noise
 t - 3 scrolls of remove curse
 w - 2 scrolls of enchant armour
 J - a scroll of enchant weapon
 L - a scroll of blinking
Potions
 g - 3 potions of brilliance
 i - a potion of magic
 k - 3 potions of agility
 p - a potion of flight
 u - 2 potions of ambrosia
 v - 3 potions of lignification
 V - 2 potions of curing
 W - 2 potions of haste
 X - a potion of heal wounds
 Z - 2 potions of might
Books
 q - a book of Geomancy

   Spells                             Type                      Level
   a - Sandblast                      Earth                        1
   b - Stoneskin                      Transmutation/Earth          2
   c - Passwall                       Transmutation/Earth          3
   d - Stone Arrow                    Conjuration/Earth            3
   e - Petrify                        Transmutation/Earth          4
   f - Lee's Rapid Deconstruction     Earth                        5
 I - a book of Death

   Spells                             Type                      Level
   a - Corpse Rot                     Necromancy                   2
   b - Sublimation of Blood           Necromancy                   2
   c - Agony                          Necromancy                   5
   d - Dispel Undead                  Necromancy                   5
   e - Excruciating Wounds            Charms/Necromancy            5
   f - Bolt of Draining               Conjuration/Necromancy       5
 O - a book of Unlife

   Spells                             Type                      Level
   a - Recall                         Summoning/Translocation      3
   b - Animate Dead                   Necromancy                   4
   c - Control Undead                 Necromancy                   4
   d - Cigotuvi's Embrace             Necromancy                   5
   e - Death Channel                  Necromancy                   6
   f - Simulacrum                     Ice/Necromancy               6
Miscellaneous
 S - a sack of spiders
Comestibles
 c - 3 bread rations
 j - 14 royal jellies
 n - 9 fruits
 B - a meat ration
 R - 2 beef jerkies


   Skills:
 - Level 13.1(11.7) Fighting
 + Level 17.1(15.6) Axes
 - Level 13.1(11.7) Armour
 - Level 8.5(7.3) Dodging


You had 12 spell levels left.
You didn't know any spells.

Dungeon Overview and Level Annotations

Branches:
Dungeon (10/15)            Temple (0/1) D:6            Lair (6/8) D:9
 Shoals (0/4) Lair:6        Snake (0/4) Lair:4
  Slime: Lair:6-8       Orc: D:9-12

Altars:
Ashenzari
Cheibriados
Elyvilon
Fedhas
Gozag
Makhleb
Ru
Trog
Xom
Zin

Shops:
D:10 *

Annotations:
D:10 Fannar


Innate Abilities, Weirdness & Mutations

You reflexively headbutt those who attack you in melee.
You have a pair of horns on your head.
You have large cloven feet.
You have a somewhat thin skeletal structure (Dex +2, Stealth).
Scrolls take you a little longer to read.
You possess an exceptional clarity of mind.
You are clumsy. (Dex -2)
Your body sometimes deteriorates upon taking damage.
You are resistant to electric shocks.
You evolve.


Message History

You are lethally poisoned!
The spiny frog poisons you!
You begin reading the scroll.
You continue reading the scroll.
* * * LOW HITPOINT WARNING * * *
You feel very sick. The water moccasin closely misses you.
The manticore bites you.
* * * LOW HITPOINT WARNING * * *
The manticore claws you!
* * * LOW HITPOINT WARNING * * *
The manticore misses you. The griffon barely misses you. The griffon pecks you.
* * * LOW HITPOINT WARNING * * *
The griffon claws you but does no damage.
The six-headed hydra bites you.
* * * LOW HITPOINT WARNING * * *
The six-headed hydra bites you but does no damage.
The six-headed hydra barely misses you.
The six-headed hydra bites you but does no damage. x2
The six-headed hydra bites you!
You die...
Xom roars with laughter!

##### ###### #$#.####
##.##P# # ##..P..##
#.....P ##.#.......#
###.....P
###..PrDF.#..###........
P.H...ยง@P....##.#.......
.....#HHSP#.....#.......
..>[...........##.......
............##..#.......
###P........##<...)....
##P#.#...###.......}.
###.....# ##........
###..## ##P...#+P ##
######..


You could see a six-headed hydra, a griffon, a manticore, a hippogriff, a spiny
frog, a water moccasin and a porcupine.

Vanquished Creatures
  2 hydras
  A queen ant (Lair:4)
  Joseph (D:9)
  4 black mambas
  8 komodo dragons
  6 spiny frogs
  A two-headed ogre (D:10)
  A fire drake (Lair:4)
  A polar bear (Lair:4)
  A troll (D:10)
  Grinder (D:6)
  A queen bee (Lair:6)
  12 blink frogs
  A wyvern (D:8)
  3 hungry ghosts
  21 yaks
  2 basilisks (Lair:5)
  11 soldier ants
  3 hippogriffs
  27 wolves
  2 spatial vortices
  11 porcupines
  10 water moccasins
  2 ice beasts
  A black bear (D:8)
  An eye of draining (D:10)
  An ogre (D:4)
  5 sky beasts
  7 necrophages
  3 centaurs
  4 orc warriors
  11 crocodiles
  13 giant frogs
  A wyvern zombie (D:10)
  4 big kobolds
  2 gnoll sergeants (D:8)
  5 scorpions
  8 wights
  29 killer bees
  5 orc priests
  3 crimson imps
  6 iguanas
  2 quasits
  3 jellies
  2 giant frog zombies
  A centaur skeleton (D:5)
  4 giant frog skeletons
  5 hounds
  9 orc wizards
  39 worker ants
  11 sheep
  A hound skeleton (D:7)
  A worker ant zombie (D:8)
  22 gnolls
  48 river rats
  A shadow imp (D:10)
  10 adders
  3 oozes
  An adder zombie (D:8)
  2 adder skeletons
  3 worms
  6 giant geckos
  30 orcs
  16 bats
  5 goblins
  7 hobgoblins
  8 jackals
  23 kobolds
  4 quokkas
  A ball python (D:4)
  6 giant newts
  2 quokka skeletons
  6 rats
  2 bushes (D:7)
  7 fungi
  A plant (Lair:2)
534 creatures vanquished.

Vanquished Creatures (collateral kills)
  A hydra (Lair:4)
  A spiny frog (Lair:4)
  A wolf (Lair:2)
  2 orc warriors (D:8)
  A phantom (D:8)
  A crocodile (Lair:1)
  An orc priest (D:8)
  An iguana (D:4)
  A gnoll shaman (D:8)
  2 worker ants (Lair:4)
  4 gnolls (D:8)
  7 orcs
23 creatures vanquished.

Vanquished Creatures (others)
  3 ball lightnings (D:9)
  A blink frog (Lair:4)
  13 fungi
  6 plants
  4 toadstools (D:1)
27 creatures vanquished.

Grand Total: 584 creatures vanquished

Notes
Turn   | Place    | Note
--------------------------------------------------------------
     0 | D:1      | MDvedh the Minotaur Chaos Knight began the quest for the Orb.
     0 | D:1      | Reached XP level 1. HP: 19/19 MP: 0/0
     8 | D:1      | Reached skill level 4 in Axes
     9 | D:1      | Reached XP level 2. HP: 26/26 MP: 1/1
   204 | D:1      | Reached skill level 5 in Axes
   212 | D:1      | Reached XP level 3. HP: 27/31 MP: 2/2
   456 | D:1      | XOM: mild Divn miscast
   485 | D:1      | You fall through a shaft!
   605 | D:2      | XOM: harmless Pois miscast
   774 | D:2      | Reached skill level 6 in Axes
   774 | D:2      | Reached XP level 4. HP: 36/39 MP: 3/3
   984 | D:2      | Found a faded altar to an unknown god.
  1095 | D:2      | Found a white marble altar of Elyvilon.
  1439 | D:3      | Reached skill level 7 in Axes
  1439 | D:3      | Reached XP level 5. HP: 27/45 MP: 4/4
  1613 | D:3      | Found a shattered altar of Ashenzari.
  1653 | D:3      | Found a shimmering altar of Xom.
  1802 | D:3      | Found a sacrificial altar of Ru.
  1844 | D:3      | XOM: vitrification
  2100 | D:4      | XOM: 1-stop teleportation journey
  2101 | D:4      | XOM: 2-stop teleportation journey
  2133 | D:4      | XOM: 5-stop teleportation journey
  2341 | D:4      | XOM: medium Conj miscast
  2470 | D:4      | Reached skill level 8 in Axes
  2470 | D:4      | Reached XP level 6. HP: 32/51 MP: 5/5
  2484 | D:4      | XOM: god gift: glowing gold wand {god gift}
  2649 | D:4      | Reached skill level 9 in Axes
  2656 | D:4      | XOM: scenery: 1 doors open, 1 doors close
  2805 | D:4      | XOM: summons 6 friendly demons
  3087 | D:4      | Found an opulent altar of Gozag.
  3118 | D:4      | XOM: summons 3 hostile demons
  3281 | D:4      | Noticed an ogre
  3288 | D:4      | Killed an ogre
  3288 | D:4      | Reached XP level 7. HP: 36/57 MP: 6/6
  3312 | D:4      | XOM: god gift: potion of brilliance
  3767 | D:4      | Reached skill level 10 in Axes
  3783 | D:5      | Entered Level 5 of the Dungeon
  3919 | D:5      | XOM: god gift: crooked copper wand {god gift}
  4123 | D:5      | Found a snail-covered altar of Cheibriados.
  4267 | D:5      | XOM: polymorph adder -> ooze
  4324 | D:5      | Found a glowing silver altar of Zin.
  4371 | D:6      | Noticed Grinder
  4372 | D:6      | Found a staircase to the Ecumenical Temple.
  4380 | D:6      | Killed Grinder
  4504 | D:6      | XOM: 2-stop teleportation journey
  4586 | D:6      | Reached XP level 8. HP: 66/66 MP: 7/7
  4624 | D:6      | Reached skill level 11 in Axes
  4629 | D:6      | Identified a +2 rod of ignition (11/11) (You found it on level 6 of the Dungeon)
  4648 | D:6      | Got an ichor-stained chain mail
  4659 | D:6      | Identified the +7 chain mail of Supple Strength {Int+2} (You found it on level 6 of the Dungeon)
  4702 | D:6      | Found a bloodstained altar of Trog.
  4828 | D:6      | Reached skill level 5 in Fighting
  4981 | D:6      | XOM: draining
  5428 | D:6      | XOM: harmless Air miscast
  5452 | D:7      | Reached skill level 5 in Armour
  5558 | D:7      | Reached skill level 12 in Axes
  5835 | D:7      | Reached XP level 9. HP: 70/75 MP: 8/8
  5881 | D:7      | XOM: silly message
  5973 | D:7      | XOM: summons 3 hostile shadow creatures
  5998 | D:7      | XOM: vitrification
  6067 | D:7      | XOM: cast spell 'Ice Form'
  6331 | D:7      | Found a blossoming altar of Fedhas.
  6508 | D:7      | Reached skill level 13 in Axes
  6521 | D:8      | Found a burning altar of Makhleb.
  6800 | D:8      | XOM: god gift: 15 stones
  7138 | D:8      | XOM is BORED!
  7138 | D:8      | XOM: noise
  7154 | D:8      | Reached XP level 10. HP: 67/86 MP: 9/9
  7177 | D:8      | XOM: mild Summ miscast
  7227 | D:8      | Reached skill level 14 in Axes
  7386 | D:8      | XOM: god gift: shortbow {god gift}
  7431 | D:8      | XOM: vitrification
  8293 | D:9      | Noticed Joseph
  8295 | D:9      | XOM: cast spell 'Conjure Ball Lightning'
  8297 | D:9      | XOM: butterfly on damage
  8302 | D:9      | Killed Joseph
  8304 | D:9      | Found a staircase to the Lair.
  8304 | D:9      | XOM: swap monsters
  8342 | D:9      | XOM: god gift: bone ring {god gift}
  8426 | D:9      | XOM: vitrification
  8716 | D:9      | Gained mutation: Scrolls take you a little longer to read. [mutagenic meat]
  8717 | D:9      | Gained mutation: Scrolls take you longer to read. [mutagenic meat]
  8761 | D:9      | Lost mutation: Scrolls take you longer to read. [potion of cure mutation]
  8761 | D:9      | Lost mutation: Scrolls take you a little longer to read. [potion of cure mutation]
  8824 | D:9      | XOM: give mutations
  8824 | D:9      | Gained mutation: Your skin changes colour to match your surroundings (Stealth). [Xom's grace]
  8824 | D:9      | Gained mutation: You are somewhat resistant to further mutation. [Xom's grace]
  8824 | D:9      | Gained mutation: You have large cloven feet. [Xom's grace]
  8931 | D:9      | XOM: chaos cloud
  8937 | D:9      | Paralysed by you for 2 turns
  9015 | D:10     | Entered Level 10 of the Dungeon
  9027 | D:10     | Reached skill level 15 in Axes
  9053 | D:10     | XOM: 1-stop teleportation journey
  9137 | D:10     | XOM: summons friendly iron imp
  9194 | D:10     | Noticed Fannar
  9195 | D:10     | XOM: 3-stop teleportation journey
  9243 | D:10     | XOM: medium Conj miscast
  9458 | D:10     | XOM: colour smoke trail
  9649 | D:10     | XOM: harmless Summ miscast
  9691 | D:10     | XOM: harmless Necr miscast
  9719 | D:10     | XOM: chaos cloud
 10021 | D:10     | XOM: mild Chrm miscast
 10055 | D:10     | Found Kudutz's General Store.
 10073 | D:10     | Bought 2 throwing nets for 72 gold pieces
 10073 | D:10     | Bought a scroll of blinking for 90 gold pieces
 10073 | D:10     | Bought a wand of teleportation (4) for 288 gold pieces
 10073 | D:10     | Bought a scroll of identify for 24 gold pieces
 10189 | D:10     | XOM: harmless Air miscast
 10283 | D:10     | XOM: summons 5 hostile demons
 10284 | D:10     | Noticed a sixfirhy
 10329 | D:10     | Reached XP level 11. HP: 78/97 MP: 10/10
 10545 | D:7      | XOM: harmless Tloc miscast
 10650 | Lair:1   | Entered Level 1 of the Lair of Beasts
 10678 | Lair:1   | Noticed a seven-headed hydra
 10681 | Lair:1   | XOM: confuse monster(s)
 10695 | Lair:1   | Killed a seven-headed hydra
 10727 | Lair:1   | XOM: harmless Chrm miscast
 10891 | Lair:1   | Reached skill level 10 in Fighting
 11274 | Lair:1   | XOM: give mutations
 11274 | Lair:1   | Gained mutation: You are clumsy. (Dex -2) [Xom's mischief]
 11274 | Lair:1   | Gained mutation: Scrolls take you a little longer to read. [Xom's mischief]
 11372 | Lair:1   | XOM: smoke on damage
 11380 | Lair:1   | Reached skill level 16 in Axes
 11902 | Lair:1   | XOM: give mutations
 11902 | Lair:1   | Lost mutation: You have large cloven feet. [Xom's mischief]
 11902 | Lair:1   | Gained mutation: You are very clumsy. (Dex -4) [Xom's mischief]
 11902 | Lair:1   | Gained mutation: You possess an exceptional clarity of mind. [Xom's mischief]
 12137 | Lair:1   | XOM: colour smoke trail
 12188 | Lair:1   | Reached skill level 10 in Armour
 12251 | Lair:1   | XOM: summons 5 hostile demons
 12255 | Lair:1   | XOM: summons friendly ufetubus
 12256 | Lair:1   | XOM: summons 2 friendly demons
 12268 | Lair:1   | XOM: potion effect (invisibility)
 12270 | Lair:1   | XOM: divination: detect items
 12289 | Lair:1   | XOM: blink monster(s)
 12412 | Lair:1   | XOM: summons 2 friendly demons
 12531 | Lair:1   | XOM is BORED!
 12531 | Lair:1   | XOM: mild Summ miscast
 12645 | Lair:2   | XOM: fog
 12870 | Lair:2   | XOM: fake destruction
 12876 | Lair:2   | XOM: swap monsters
 12942 | Lair:2   | XOM: vitrification
 13013 | Lair:2   | XOM: god gift: shield {god gift}
 13160 | Lair:2   | Noticed a four-headed hydra
 13417 | Lair:2   | XOM: god gift: scroll labeled BUONUD SIACUY
 13427 | Lair:2   | XOM: fake destruction
 13432 | Lair:2   | XOM: summons friendly smoke demon
 13513 | Lair:2   | XOM: vitrification
 13676 | Lair:2   | XOM: 1-stop teleportation journey
 13832 | Lair:2   | XOM: vitrification
 13893 | Lair:2   | XOM: give mutations
 13893 | Lair:2   | Gained mutation: You have a somewhat thin skeletal structure (Dex +2, Stealth). [Xom's grace]
 13893 | Lair:2   | Lost mutation: You are somewhat resistant to further mutation. [Xom's grace]
 13893 | Lair:2   | Gained mutation: You evolve. [Xom's grace]
 13893 | Lair:2   | Gained mutation: You have a pair of large horns on your head. [Xom's grace]
 14156 | Lair:2   | Reached skill level 5 in Dodging
 14187 | Lair:2   | Reached XP level 12. HP: 97/110 MP: 11/11
 14251 | Lair:2   | XOM: god gift: sack of spiders
 14356 | Lair:3   | Identified a scroll of acquirement
 14791 | Lair:3   | XOM: smoke on damage
 14998 | Lair:4   | XOM: destruction
 15008 | Lair:4   | XOM: fake destruction
 15012 | Lair:4   | XOM: swap monsters
 15031 | Lair:4   | XOM: summons friendly rust devil
 15322 | Lair:4   | XOM: god gift: 54 gold pieces
 15397 | Lair:4   | XOM: cast spell 'Necromutation'
 15402 | Lair:4   | XOM: destruction
 15408 | Lair:4   | XOM: divine lightning (protected)
 15413 | Lair:4   | XOM: enchant monster (good)
 15438 | Lair:4   | XOM: summons 5 hostile shadow creatures
 15439 | Lair:4   | Noticed a four-headed hydra
 15807 | Lair:3   | Gained mutation: You are resistant to electric shocks. [evolution]
 15834 | Lair:4   | XOM: cast spell 'Summon Butterflies'
 15969 | Lair:4   | XOM: 1-stop teleportation journey
 16029 | Lair:4   | Found a staircase to the Snake Pit.
 16029 | Lair:4   | XOM: 7-stop teleportation journey
 16068 | Lair:4   | XOM: summons 12 friendly demons
 16079 | Lair:4   | Noticed a five-headed hydra
 16086 | Lair:4   | Killed a five-headed hydra
 16288 | Lair:4   | XOM: swap monsters
 16400 | Lair:4   | XOM: confuse monster(s)
 16426 | Lair:4   | XOM: summons 12 friendly demons
 16751 | Lair:5   | XOM: swap monsters
 16784 | Lair:5   | XOM is BORED!
 16784 | Lair:5   | XOM: severe Erth miscast
 17142 | Lair:5   | Noticed an eight-headed hydra
 17146 | Lair:5   | XOM: summons 2 hostile shadow creatures
 17154 | Lair:5   | Killed a nine-headed hydra
 17161 | Lair:5   | Reached XP level 13. HP: 70/122 MP: 12/12
 17226 | Lair:5   | Gained mutation: You have large cloven feet. [evolution]
 17314 | Lair:5   | XOM: fog
 17476 | Lair:5   | XOM: give mutations
 17476 | Lair:5   | Lost mutation: Your skin changes colour to match your surroundings (Stealth). [Xom's mischief]
 17476 | Lair:5   | Gained mutation: Your body sometimes deteriorates upon taking damage. [Xom's mischief]
 17476 | Lair:5   | Lost mutation: You have a pair of large horns on your head. [Xom's mischief]
 17476 | Lair:5   | Lost mutation: You are very clumsy. (Dex -4) [Xom's mischief]
 17554 | Lair:5   | XOM: harmless Tloc miscast
 17650 | Lair:5   | XOM: medium Divn miscast
 17770 | Lair:5   | XOM: colour smoke trail
 17934 | Lair:5   | XOM: silly message
 18501 | Lair:5   | XOM: mild Tloc miscast
 18596 | Lair:5   | XOM: summons 1 hostile demon
 18655 | Lair:5   | XOM: medium Hex miscast
 18763 | Lair:6   | Reached skill level 17 in Axes
 18915 | Lair:6   | XOM: draining
 19077 | Lair:6   | XOM: medium Chrm miscast
 19139 | Lair:6   | Found a staircase to the Shoals.
 19145 | Lair:6   | XOM: summons 3 hostile shadow creatures
 19149 | Lair:6   | XOM: smoke on damage
 19152 | Lair:6   | XOM: blink monster(s)
 19153 | Lair:6   | Slain by a six-headed hydra

Action                   |  1- 3 |  4- 6 |  7- 9 | 10-12 | 13-15 || total
-------------------------+-------+-------+-------+-------+-------++-------
Melee: Hand axe          |    73 |   156 |    41 |       |       ||   270
       War axe           |       |       |   344 |   768 |       ||  1112
       Broad axe         |       |       |       |   337 |   120 ||   457
       Trident           |       |       |       |    52 |     3 ||    55
       Executioner's axe |       |       |       |     4 |    36 ||    40
Evoke: Wand              |       |       |       |     1 |       ||     1
  Use: Scroll            |       |    12 |     8 |    11 |     1 ||    32
       Potion            |       |       |     1 |     6 |       ||     7
 Stab: Confused          |     2 |       |       |     7 |       ||     9
       Paralysed         |       |     4 |       |       |       ||     4
       Sleeping          |       |     1 |       |       |       ||     1
       Petrifying        |       |     2 |       |       |       ||     2
       Invisible         |       |       |       |     9 |       ||     9
       Distracted        |       |       |       |     5 |       ||     5
  Eat: Chunk             |       |     7 |    14 |    34 |       ||    55
       Fruit             |       |       |     4 |     2 |       ||     6
       Meat ration       |       |       |     2 |     1 |       ||     3
       Bread ration      |       |       |     2 |     1 |       ||     3
       Royal jelly       |       |       |     2 |       |       ||     2
       Beef jerky        |       |       |     1 |       |       ||     1
